 Dungeon Crawl Stone Soup version 0.30-a0-322-g102857c98e (webtiles) character file.

Game seed: 13655459887491696812

9300 lunkers the Slicer (level 12, -3/103 HPs)
             Began as a Meteoran Fighter on Oct 27, 2022.
             Was a High Priest of Uskayaw.
             Slain by an orc knight
             ... wielding a +0 dire flail
              (4 damage)
             ... on level 2 of the Orcish Mines.
             The game lasted 00:18:22 (3963 turns).

lunkers the Slicer (Meteoran Fighter)               Turns: 3963, Time: 00:18:23

Health: -3/103     AC: 12    Str: 19    XL:     12   Next: 3%
Magic:  24/29      EV: 14    Int:  9    God:    Uskayaw [*****.]
Gold:   821        SH:  7    Dex: 25    Spells: 11/11 levels left

rFire   . . .      SeeInvis .    y - +1 dagger (drain)
rCold   . . .      Faith    +    c - +0 buckler
rNeg    . . .      Spirit   .    x - +0 scale mail
rPois   .          Reflect  .    r - +2 hat
rElec   .          Harm     .    j - +1 cloak
rCorr   .          Rampage  .    (no gloves)
Will    +....                    q - +0 pair of boots
Stlth   +.........               C - amulet of faith
HPRegen 0.37/turn                k - ring of magical power
MPRegen 0.21/turn                l - +6 ring of dexterity

@: glowing
A: sense surroundings 2, otherworldly, glowing, explore regen
a: Renounce Religion, Stomp, Line Pass, Grand Finale


You were on level 2 of the Orcish Mines.
You worshipped Uskayaw.
Uskayaw was aware of your devotion.
You visited 3 branches of the dungeon, and saw 12 of its levels.

You collected 821 gold pieces.

Inventory:

Hand Weapons
 a - a +1 rapier of chaos
 b - a +2 dagger of speed
 y - a +1 dagger of draining (weapon)
Missiles
 m - a throwing net
 t - 5 atropa-tipped darts
Armour
 c - a +0 buckler (worn)
 i - a +0 kite shield
 j - a +1 cloak (worn)
 q - a +0 pair of boots (worn)
 r - a +2 hat (worn)
 x - a +0 scale mail (worn)
Jewellery
 k - a ring of magical power (left hand)
 l - a +6 ring of dexterity (right hand)
 s - a ring of fire
 C - an amulet of faith (around neck)
Wands
 d - a wand of polymorph (14)
 n - a wand of flame (13)
 u - a wand of charming (5)
Scrolls
 f - a scroll of magic mapping
 g - a scroll of summoning
 p - a scroll of blinking
 v - 2 scrolls of silence
Potions
 e - a potion of berserk rage
 h - 2 potions of haste
 o - a potion of flight
 w - 2 potions of curing
 z - a potion of heal wounds {unknown}
 A - 2 potions of attraction {unknown}


   Skills:
 + Level 8.9 Fighting
 * Level 13.0 Short Blades
 - Level 3.6 Armour
 + Level 6.4 Dodging
 + Level 5.6 Shields
 + Level 9.4 Invocations
 - Level 5.0 Evocations


You had 11 spell levels left.
You didn't know any spells.
Your spell library contained the following spells:

 Spells                   Type           Power      Damage    Failure   Level
 Apportation              Tloc           0%         N/A       83%         1
 Ozocubu's Armour         Ice            0%         N/A       99%         3
 Tukima's Dance           Hex            0%         N/A       99%         3
 Passage of Golubria      Tloc           0%         N/A       100%        4
 Alistair's Intoxication  Tmut/Pois      0%         N/A       100%        5
 Metabolic Englaciation   Hex/Ice        0%         N/A       100%        5
 Yara's Violent Unravell  Hex/Tmut       0%         3d3       100%        5
 Simulacrum               Ice/Necr       0%         N/A       100%        6
 Ozocubu's Refrigeration  Ice            0%         4d7       100%        7


Dungeon Overview and Level Annotations

Branches:
Dungeon (9/15) Zot: 2180   Temple (1/1) D:7 Zot: 579    Lair (0/5) D:9
    Orc (2/2) D:9 Zot: 692     Elf (0/3) Orc:2

Altars:
Cheibriados
Dithmenos
Elyvilon
Fedhas
Gozag
Hepliaklqana
Kikubaaqudgha
Okawaru
Ru
Sif Muna
Trog
Uskayaw
Vehumet
Wu Jian
Xom
Zin
The Shining One

Shops:
D:6 :   D:7 *[:=   Orc:2 !


Innate Abilities, Weirdness & Mutations

You passively map the area around you.
You are easily found by Zot.
You glow in the dark.
You regain HP and MP as you explore.


Message History

You stomp with the beat, sending a shockwave through the revellers around you!
You kill the orc warrior!
You kill the centaur!
You kill the orc warrior!
The orc warrior is severely wounded.
Your Short Blades skill increases to level 13!
You have reached level 12!
You feel stronger.
Unknown command.
Okay, then.
Aiming: Line Pass
Press: ? - help, Dir - move target The orc warrior appears confused.
The orc knight appears confused.
The orc warrior appears confused. 3 orc knights, an orc and 8 orc warriors come into view.
An orc warrior is wielding a +0 hand axe and wearing a +0 chain mail of willpower.
The orc warrior shouts! x2; The orc knight shouts!
The orc warrior shouts! x3
The orc knight shouts!
The orc shouts!
You hear a shout! x2; You hear a howl!
The orc knight shoots a bolt.
The bolt hits you!!
* * * LOW HITPOINT WARNING * * *
The orc warrior hits the orc knight with a +0 glaive.
Unknown command.
The orc warrior shoots a bolt.
The bolt hits you but does no damage.
The orc knight hits the orc warrior with a +0 dire flail.
The orc shoots a bolt.
You block the bolt.
The orc warrior unwields a +0 arbalest.
The orc warrior wields a +0 battleaxe.
The orc warrior hits you with a +0 battleaxe!
* * * LOW HITPOINT WARNING * * *
The orc warrior shoots a bolt.
The bolt hits you!
* * * LOW HITPOINT WARNING * * *
The orc knight shoots a bolt.
The bolt closely misses you.
The bolt hits the orc!
The orc dies!
The orc knight shoots a bolt.
The bolt hits you!
* * * LOW HITPOINT WARNING * * *
An orc comes into view. It is wielding a +0 arbalest.
You hear a howl!
Aiming: Line Pass
Press: ? - help, Dir - move target The orc knight appears confused.
The orc warrior appears confused.
The orc knight hits you with a +0 dire flail.
You die...

* ∩ * ###.#.......... ,, ,,
, *,* ##.............. , ,
, , , #....#.#........ *,
,...,* *#..)...........
#.##.#.** ##.)##).........
#...... #....#....#.....
.......#####)).###......#.#
,
..........)o.).####....####
........)@)....# #...##.#.
* ..##..##.o##....#
##.##...# *
≈..........##..## ###.#.##
~ ≈≈.......o..#..# #.....#
~ * ≈≈≈≈...........#
##.#.#. * ∩
##≈≈≈≈......#..# ##....
**##≈≈≈≈oo...#..# ##.#. ,,∩


.oooooooo.... # #### , .o...o..o...... You could see 4 orc knights and 8 orc
warriors.

Vanquished Creatures
  An ogre mage (Orc:2)
  A centaur warrior (Orc:2)
  A two-headed ogre (Orc:2)
  Pikel (D:4)
  A troll (D:9)
  Grinder (D:6)
  Sigmund (D:5)
  7 yaks
  5 wargs (D:9)
  11 orc warriors
  3 black bears
  An ice beast (D:7)
  An ogre (D:9)
  3 centaurs (Orc:2)
  A phantom (D:5)
  2 kobold brigands (D:8)
  4 bullfrogs
  2 necrophages (D:7)
  2 gnoll sergeants
  2 scorpions (D:6)
  3 wights (D:8)
  5 killer bees (D:9)
  2 howler monkeys (D:8)
  7 orc priests
  2 hounds
  A jelly (D:8)
  2 iguanas
  13 orc wizards
  10 gnolls
  7 adders
  2 worms
  2 dart slugs
  41 orcs
  3 bats
  6 endoplasms
  7 giant cockroaches
  3 goblins
  5 hobgoblins
  A jackal (D:4)
  4 quokkas
  10 ball pythons
  5 kobolds
  2 rats (D:1)
194 creatures vanquished.

Vanquished Creatures (collateral kills)
  2 two-headed ogres (Orc:2)
  A warg (Orc:2)
  An orc (D:4)
4 creatures vanquished.

Vanquished Creatures (others)
  3 two-headed ogres (Orc:2)
  An orc (Orc:2)
4 creatures vanquished.

Grand Total: 202 creatures vanquished

Notes
Turn   | Place    | Note
-------+----------+-------------------------------------------
     0 | D:1      | lunkers the Meteoran Fighter began the quest for the Orb.
     0 | D:1      | Reached XP level 1. HP: 19/19 MP: 2/2
    98 | D:1      | Reached XP level 2. HP: 26/26 MP: 3/3
   178 | D:1      | Reached skill level 3 in Short Blades
   351 | D:2      | Reached XP level 3. HP: 20/31 MP: 4/4
   360 | D:2      | Found a snail-covered altar of Cheibriados.
   518 | D:2      | Reached skill level 4 in Short Blades
   521 | D:2      | Reached XP level 4. HP: 32/38 MP: 5/5
   659 | D:2      | Reached skill level 5 in Short Blades
   659 | D:2      | Reached XP level 5. HP: 39/45 MP: 6/6
   886 | D:3      | Found a shimmering altar of Xom.
  1024 | D:3      | Reached skill level 6 in Short Blades
  1024 | D:3      | Reached XP level 6. HP: 18/51 MP: 7/7
  1155 | D:4      | Noticed Pikel
  1193 | D:4      | Killed Pikel
  1194 | D:4      | Reached skill level 8 in Short Blades
  1194 | D:4      | Reached skill level 9 in Short Blades
  1194 | D:4      | Reached XP level 7. HP: 39/57 MP: 8/8
  1194 | D:4      | Reached XP level 8. HP: 43/63 MP: 9/9
  1434 | D:4      | You fall into a shaft and drop 2 floors!
  1454 | D:6      | Reached skill level 1 in Evocations
  1535 | D:6      | Found a bloodstained altar of Trog.
  1554 | D:5      | Entered Level 5 of the Dungeon
  1554 | D:5      | Noticed Sigmund
  1555 | D:5      | Found a shadowy altar of Dithmenos.
  1628 | D:6      | Found a hide-covered altar of Uskayaw.
  1637 | D:6      | Became a worshipper of Uskayaw the Reveller
  1663 | D:6      | Noticed Grinder
  1668 | D:6      | Reached * piety under Uskayaw
  1672 | D:6      | Paralysed by Grinder for 4 turns
  1683 | D:6      | Reached ** piety under Uskayaw
  1685 | D:6      | Killed Grinder
  1686 | D:6      | Reached skill level 1 in Invocations
  1686 | D:6      | Gained mutation: You passively map the area around you.
                  | [Meteoran growth]
  1686 | D:6      | Reached XP level 9. HP: 41/71 MP: 11/11
  1752 | D:6      | Found Wint's Book Emporium.
  1807 | D:5      | Killed Sigmund
  1808 | D:5      | Reached skill level 10 in Short Blades
  1843 | D:5      | Reached *** piety under Uskayaw
  1848 | D:5      | Reached **** piety under Uskayaw
  1855 | D:5      | Reached skill level 5 in Evocations
  1950 | D:5      | Reached skill level 5 in Fighting
  2129 | D:7      | Found Fabuirgh's General Store.
  2180 | D:7      | Reached skill level 5 in Invocations
  2258 | D:7      | Found Xunnoug's Antique Armour Shoppe.
  2259 | D:7      | Found Sumpya's Book Boutique.
  2260 | D:7      | Found Oruzxea's Jewellery Shop.
  2341 | D:7      | Reached ***** piety under Uskayaw
  2429 | D:7      | Found a staircase to the Ecumenical Temple.
  2438 | Temple   | Entered the Ecumenical Temple
  2477 | D:7      | Found a shimmering blue altar of Sif Muna.
  2577 | D:8      | Reached XP level 10. HP: 62/84 MP: 15/15
  2617 | D:8      | Reached skill level 1 in Dodging
  2808 | D:8      | Found the +0 staff of Battle
  2809 | D:8      | Noticed an efreet
  2810 | D:8      | Noticed a tengu conjurer
  2810 | D:8      | Noticed a centaur warrior
  2810 | D:8      | Noticed a two-headed ogre
  2810 | D:8      | Noticed a gargoyle
  2819 | D:8      | Noticed a two-headed ogre
  2819 | D:8      | Noticed a tengu warrior
  2820 | D:8      | Noticed a deep elf pyromancer
  2891 | D:8      | Reached skill level 11 in Short Blades
  3102 | D:9      | Found a staircase to the Orcish Mines.
  3144 | D:9      | Reached ****** piety under Uskayaw
  3200 | D:9      | Reached XP level 11. HP: 63/94 MP: 18/18
  3241 | Orc:1    | Entered Level 1 of the Orcish Mines
  3383 | D:9      | Reached skill level 5 in Dodging
  3449 | D:9      | Reached skill level 12 in Short Blades
  3553 | Orc:2    | Entered Level 2 of the Orcish Mines
  3553 | Orc:2    | Found a staircase to the Elven Halls.
  3678 | Orc:2    | Found Cegov's Distillery.
  3682 | Orc:2    | Noticed a two-headed ogre
  3683 | Orc:2    | Noticed a two-headed ogre
  3683 | Orc:2    | Noticed a two-headed ogre
  3684 | Orc:2    | Noticed a two-headed ogre
  3684 | Orc:2    | Noticed a two-headed ogre
  3684 | Orc:2    | Noticed a two-headed ogre
  3684 | Orc:2    | Noticed an ogre mage
  3691 | Orc:2    | Killed a two-headed ogre
  3710 | Orc:2    | Killed a two-headed ogre
  3711 | Orc:2    | Reached skill level 5 in Shields
  3743 | Orc:2    | Killed an ogre mage
  3754 | Orc:2    | Killed a two-headed ogre
  3918 | Orc:2    | Noticed a centaur warrior
  3931 | Orc:2    | Killed a centaur warrior
  3956 | Orc:2    | Noticed an orc knight
  3961 | Orc:2    | Reached skill level 13 in Short Blades
  3961 | Orc:2    | Reached XP level 12. HP: 19/103 MP: 19/20
  3961 | Orc:2    | Noticed an orc knight
  3961 | Orc:2    | Noticed an orc knight
  3961 | Orc:2    | Noticed an orc knight
  3962 | Orc:2    | HP: 1/103 [orc knight/bolt (13)]
  3963 | Orc:2    | Slain by an orc knight

Illustrated notes

Levels and vault maps discovered:
D:1:      evilmike_arrival_hilbert_curve, layout_basic
D:2:      layout_loops_ring, basic_altar
D:3:      cheibrodos_old_hovel, layout_rooms, mainiacjoe_overflow_24_doors,
          st_stairs_12
D:4:      layout_basic, hangedman_minor_gate_pass, uniq_pikel
D:5:      layout_cave_pools, mainiacjoe_overflow_cross_hatched,
          lemuel_tele_altar, uniq_sigmund
D:6:      layout_gridville, bloody_trog, nicolae_overflow_crystal_walls,
          serial_shops, kennysheep_mini_moat, nicolae_shop_trees, uniq_grinder
D:7:      layout_cave_pools, amcnicky_altar_gilded,
          minmay_temple_entry_drinking_statues, nicolae_wooded_promenade
D:8:      layout_loops_ring, nemelex_diamond_rough_becter, grunt_ministairs_2,
          minivault_12
D:9:      layout_gridville, david_lair_shrubbed, minmay_orc_entry_guard_dogs,
          minmay_misc_feat_alley
Temple:   minmay_freezing_vapour_temple
Orc:1:    layout_caves
Orc:2:    st_orc_rangers, layout_caves, serial_shops, nicolae_shop_crystal,
          nicolae_lakefront_shop, nicolae_shop_advertising_works
          [nicolae_subvault_shop_adworks], shop

Skill      XL: |  1  2  3  4  5  6  7  8  9 10 11 |
---------------+----------------------------------+-----
Short Blades   | 3 4 5 6 9 10 11 13 | 13.0
Evocations     | 3 5 |  5.0
Fighting       | 4 6 7 8 |  8.9
Invocations    | 1 6 8 9 |  9.4
Dodging        | 4 6 |  6.4
Shields        | 5 |  5.6
Armour         | |  3.6

Action                   |  1- 3 |  4- 6 |  7- 9 | 10-12 || total
-------------------------+-------+-------+-------+-------++-------
Melee: Rapier            |    77 |   210 |   204 |   312 ||   803
       Dagger            |       |       |    98 |    63 ||   161
Invok: Stomp             |       |       |       |     4 ||     4
       Line Pass         |       |       |       |     3 ||     3
Evoke: Wand              |       |    12 |     8 |     5 ||    25
  Use: Potion            |       |     1 |       |     1 ||     2
       Scroll            |       |       |    14 |     2 ||    16
 Stab: Invisible         |       |     1 |       |       ||     1
       Paralysed         |       |       |     8 |    23 ||    31
       Petrifying        |       |       |       |     4 ||     4
       Confused          |       |       |       |     3 ||     3
Armor: Scale mail        |    43 |   122 |    89 |    97 ||   351
Dodge: Dodged            |    24 |    64 |    64 |   132 ||   284
Block: Buckler           |    15 |    48 |    45 |   125 ||   233

Table legend: (Time is in decaauts)
 A = Elapsed time spent in this place.
 B = Non-inter-level travel time spent in this place.
 C = Inter-level travel time spent in this place.
 D = Time resting spent in this place.
 E = Time spent auto-exploring this place.
 F = Levels seen in this place.
 G = Mean time per level.
                   A        B        C        D        E       F      G
               +--------+--------+--------+--------+--------+-----+--------+
         Total |   3746 |   3470 |    276 |      0 |   1309 |  12 |  312.2 |
       Dungeon |   3219 |   3011 |    208 |      0 |   1284 |   9 |  357.7 |
        Temple |     20 |     20 |      0 |      0 |      0 |   1 |   20.0 |
  Orcish Mines |    506 |    438 |     68 |      0 |     25 |   2 |  253.0 |
               +--------+--------+--------+--------+--------+-----+--------+

Top non-repeatable levels by time:
     D:2: 547 daAuts
     D:8: 415 daAuts
     D:7: 410 daAuts
   Orc:2: 363 daAuts
     D:5: 329 daAuts
     D:3: 321 daAuts
     D:9: 320 daAuts
     D:6: 314 daAuts
     D:4: 305 daAuts
     D:1: 254 daAuts
   Orc:1: 143 daAuts
  Temple: 20 daAuts
